 Dungeon Crawl Stone Soup version 0.32-a0-22-g6ae6769602 (webtiles) character file.

Game seed: 2578414243635037666

2338 MacCMillion the Cleaver (level 9, -1/68 HPs)
             Began as a Formicid Fighter on Jan 18, 2024.
             Slain by a water moccasin (3 damage)
             ... on level 7 of the Dungeon.
             The game lasted 00:09:25 (5021 turns).

MacCMillion the Cleaver (Formicid Fighter)          Turns: 5021, Time: 00:09:25

Health: -1/68      AC: 13    Str: 25    XL:     9   Next: 70%
Magic:  9/9        EV:  7    Int:  8    God:
Gold:   229        SH:  5    Dex: 13    Spells: 8/8 levels left

rFire   . . .        a - +0 war axe
rCold   . . .        c - +0 buckler
rNeg    . . .        k - +0 plate armour
rPois   .            (helmet unavailable)
rElec   .            (no cloak)
rCorr   .            (no gloves)
SInv    +            w - +0 pair of boots
Will    .....        g - amulet of regeneration Stlth
                     (no ring)
HPRegen 1.11/turn    (no ring)
MPRegen 0.11/turn

%: no passive effects
@: lethally poisoned (-1 -> -3)
A: permanent stasis, dig shafts and tunnels, antennae 3, four strong arms
a: Dig, Shaft Self


You were on level 7 of the Dungeon.
You visited 1 branch of the dungeon, and saw 7 of its levels.

You collected 299 gold pieces.
You spent 70 gold pieces at shops.

Inventory:

Hand Weapons
 a - a +0 war axe (weapon)
Missiles
 o - 23 poisoned darts (quivered)
Armour
 c - a +0 buckler (worn)
 k - a +0 plate armour (worn)
 w - a +0 pair of boots (worn)
Jewellery
 g - an amulet of regeneration (around neck)
 t - an amulet of faith
 v - a ring of flight
 A - an amulet of the acrobat
Scrolls
 b - 3 scrolls of enchant armour {unknown}
 e - 4 scrolls of noise {unknown}
 f - 3 scrolls of blinking {unknown}
 h - 3 scrolls of poison {unknown}
 i - a scroll of enchant weapon {unknown}
 j - 7 scrolls of identify {unknown}
 p - 2 scrolls of fog {unknown}
 s - a scroll of brand weapon {unknown}
 y - 2 scrolls of teleportation {unknown}
 z - 2 scrolls of fear {unknown}
Potions
 d - 3 potions of might
 l - 4 potions of curing
 m - 3 potions of invisibility {unknown}
 n - 2 potions of brilliance {unknown}
 q - a potion of heal wounds {unknown}
 r - 4 potions of enlightenment {unknown}
 u - 2 potions of degeneration
 x - a potion of attraction
 B - a potion of mutation {unknown}


   Skills:
 + Level 5.5 Fighting
 + Level 10.7 Axes
 + Level 5.7 Armour
 - Level 2.0 Dodging
 - Level 4.0 Shields


You had 8 spell levels left.
You didn't know any spells.
Your spell library contained the following spells:

 Spells                   Type           Power      Damage    Failure   Level
 Freeze                   Ice            0%         1d3       100%        1
 Ensorcelled Hibernation  Hex/Ice        0%         N/A       100%        2
 Frozen Ramparts          Ice            0%         1d1       100%        3
 Gell's Gravitas          Tloc           0%         N/A       100%        3
 Hailstorm                Conj/Ice       0%         3d5       100%        3
 Passwall                 Erth           0%         N/A       100%        3
 Teleport Other           Tloc           0%         N/A       100%        3
 Dispersal                Tloc           0%         N/A       100%        6
 Swiftness                Air            Unusable   N/A       N/A         3

Dungeon Overview and Level Annotations

Branches:
Dungeon (7/15)
 Temple: D:4-7

Altars:
Wu Jian
Zin

Shops:
D:3 !   D:5 **


Innate Abilities, Weirdness & Mutations

You cannot be hasted, slowed, berserked, paralysed or teleported.
You can dig through walls and to a lower floor.
You have a pair of large antennae on your head. (SInv)
Your four strong arms can wield two-handed weapons with a shield.


Message History

You are poisoned.
The water moccasin poisons you! The water moccasin bites you.
You are more poisoned.
The water moccasin poisons you!
The orc warrior hits you with a +0 hand axe!
You feel extremely sick.
You feel very sick.
The water moccasin bites you but does no damage.
You slash the orc warrior!
The orc warrior is moderately wounded.
You closely miss the water moccasin.
You feel very sick.
The orc wizard casts a spell.
The orc wizard flickers and vanishes for a moment.
The water moccasin bites you.
You are more poisoned.
The water moccasin poisons you!
You feel better.
The orc warrior hits you with a +0 hand axe!
The water moccasin closely misses you.
You hit the orc warrior.
The orc warrior is heavily wounded.
You slash the water moccasin! The water moccasin bites you.
The orc priest calls upon Beogh to heal the orc warrior.
The orc warrior is healed somewhat.
The water moccasin bites you.
* * * LOW HITPOINT WARNING * * *
You are poisoned.
The water moccasin poisons you!
The orc warrior hits you with a +0 hand axe.
* * * LOW HITPOINT WARNING * * *
You feel very sick. The orc priest barely misses you.
You block the orc warrior's attack.
You barely miss the orc priest. You barely miss the water moccasin.
You barely miss the orc warrior.
You feel very sick.
The water moccasin bites you but does no damage.
The orc priest hits you with a +0 mace!
* * * LOW HITPOINT WARNING * * *
The water moccasin bites you.
You die...

### # .. .# .
####. ..#..
#....####......
###...†.#....
#o@o####.....
##S##.........
#...o{.####...
#..###{#......
#.$.#S.........
.......!#.?......
#..#######...B....
#.. #........ #.
#........


You could see an orc warrior, a water moccasin and an orc priest.

Vanquished Creatures
  Maggie (D:6)
  Grinder (D:5)
  A water moccasin (D:6)
  A sky beast (D:7)
  2 black bears
  A hornet zombie (D:6)
  2 ogres
  A centaur (D:4)
  A kobold brigand (D:6)
  Blork the orc (D:6)
  2 bullfrogs (D:6)
  A water moccasin zombie (D:6)
  A wyvern zombie (D:6)
  A wyvern skeleton (D:6)
  A water moccasin skeleton (D:6)
  A howler monkey (D:5)
  A bombardier beetle (D:5)
  3 bullfrog zombies (D:6)
  A centaur zombie (D:6)
  2 jellies
  3 hounds
  A centaur skeleton (D:6)
  5 iguanas
  An orc wizard (D:4)
  3 gnolls (D:4)
  6 adders
  4 ribbon worms
  2 dart slugs
  8 orcs
  7 ball pythons
  10 bats
  10 endoplasms
  3 giant cockroaches
  6 goblins
  5 hobgoblins
  3 quokkas
  8 frilled lizards
  13 kobolds
  6 rats
130 creatures vanquished.

Notes
Turn   | Place    | Note
-------+----------+-------------------------------------------
     0 | D:1      | MacCMillion the Formicid Fighter began the quest for the
                  | Orb.
     0 | D:1      | Reached XP level 1. HP: 18/18 MP: 1/1
    67 | D:1      | Reached XP level 2. HP: 18/24 MP: 2/2
   158 | D:1      | Reached skill level 3 in Axes
   321 | D:1      | Reached XP level 3. HP: 29/29 MP: 3/3
   341 | D:1      | Found a faded altar of an unknown god.
   978 | D:2      | Reached skill level 4 in Axes
   978 | D:2      | Reached XP level 4. HP: 34/35 MP: 4/4
  1737 | D:3      | Found an ornate altar of the Wu Jian Council.
  1996 | D:3      | Reached XP level 5. HP: 41/41 MP: 5/5
  2065 | D:3      | Found Gepua's Distillery.
  2107 | D:3      | Bought a potion of attraction for 30 gold pieces
  2107 | D:3      | Bought a potion of curing for 30 gold pieces
  2107 | D:3      | Bought a potion of degeneration for 10 gold pieces
  2303 | D:4      | Reached skill level 5 in Axes
  2538 | D:4      | Noticed a centaur
  2550 | D:4      | Killed a centaur
  2551 | D:4      | Reached skill level 6 in Axes
  2551 | D:4      | Reached XP level 6. HP: 47/47 MP: 6/6
  2666 | D:4      | Noticed an ogre
  2869 | D:4      | Identified the +0 leather armour of Cleverly Designed Fun
                  | {rN+}
  2981 | D:4      | Killed an ogre
  2982 | D:4      | Reached skill level 7 in Axes
  2982 | D:4      | Reached XP level 7. HP: 44/52 MP: 7/7
  3319 | D:5      | Entered Level 5 of the Dungeon
  3416 | D:5      | Noticed Grinder
  3449 | D:5      | Killed Grinder
  3450 | D:5      | Reached skill level 8 in Axes
  3453 | D:5      | Found Qovecwe's General Store.
  3512 | D:5      | Reached XP level 8. HP: 42/58 MP: 8/8
  3554 | D:5      | Found Zin's Purification Station.
  3554 | D:5      | Found a glowing silver altar of Zin.
  3654 | D:5      | Reached skill level 9 in Axes
  4055 | D:6      | Reached skill level 10 in Axes
  4108 | D:6      | Noticed Blork the orc
  4119 | D:6      | Killed Blork the orc
  4222 | D:6      | Reached skill level 1 in Dodging
  4223 | D:6      | Reached XP level 9. HP: 65/65 MP: 9/9
  4378 | D:6      | Noticed Maggie
  4395 | D:6      | Killed Maggie
  4396 | D:6      | Reached skill level 5 in Armour
  4620 | D:6      | Reached skill level 5 in Fighting
  5021 | D:7      | HP: 2/68 [orc priest/+0 mace (7)]
  5021 | D:7      | Slain by a water moccasin

Illustrated notes

Levels and vault maps discovered:
D:1:      minmay_arrival_floating_metal, layout_basic,
          chequers_ecumenical_altar_island
D:2:      layout_loops_ring
D:3:      layout_loops_cross, mainiacjoe_overflow_concentric_impassable,
          serial_shops, shop, grunt_ministairs_3
D:4:      layout_basic
D:5:      layout_cave_pools, zin_purify, serial_shops, shop, uniq_grinder
D:6:      layout_gridville, serial_undead, serial_undead_f, serial_undead_d,
          serial_undead_f, serial_undead_c, uniq_blork_the_orc, uniq_maggie
D:7:      layout_rooms, minmay_temple_entry_stoned_glass, nzn_random_ring

Skill      XL: |  1  2  3  4  5  6  7  8  9 |
---------------+----------------------------+-----
Axes           | 3 4 6 7 8 10 | 10.7
Dodging        | 1 2 |  2.0
Fighting       | 5 |  5.5
Armour         | 5 |  5.7
Shields        | |  4.0

Action                     |  1- 3 |  4- 6 |  7- 9 || total
---------------------------+-------+-------+-------++-------
  Melee: War axe           |    90 |   167 |   209 ||   466
  Throw: Dart              |       |     5 |    15 ||    20
    Use: Potion            |       |       |     1 ||     1
 Armour: Scale mail        |    24 |       |       ||    24
         Plate armour      |    30 |   155 |   206 ||   391
  Dodge: Dodged            |    45 |    37 |    55 ||   137
  Block: Buckler           |    25 |    28 |    58 ||   111

Table legend: (Time is in decaauts)
 A = Elapsed time spent in this place.
 B = Non-inter-level travel time spent in this place.
 C = Inter-level travel time spent in this place.
 D = Time resting spent in this place.
 E = Time spent auto-exploring this place.
 F = Levels seen in this place.
 G = Mean time per level.
                   A        B        C        D        E       F      G
               +--------+--------+--------+--------+--------+-----+--------+
         Total |   5129 |   4996 |    133 |    576 |   3117 |   7 |  732.7 |
       Dungeon |   5129 |   4996 |    133 |    576 |   3117 |   7 |  732.7 |
               +--------+--------+--------+--------+--------+-----+--------+

Top non-repeatable levels by time:
     D:6: 1095 daAuts
     D:4: 1073 daAuts
     D:1: 931 daAuts
     D:2: 837 daAuts
     D:5: 580 daAuts
     D:3: 574 daAuts
     D:7: 35 daAuts
